 Dungeon Crawl Stone Soup version 0.32-a0-39-g5c88369fb2 (webtiles) character file.

Game seed: 12872555832982854790

101 Gladio the Slasher (level 4, 0/29 HPs)
             Began as a Tengu Berserker on Feb 2, 2024.
             Was a Believer of Trog.
             Slain by Grinder (3 damage)
             ... on level 3 of the Dungeon.
             The game lasted 00:04:25 (1957 turns).

Gladio the Slasher (Tengu Berserker)                Turns: 1957, Time: 00:04:26

Health: 0/29       AC:  3    Str: 17    XL:     4   Next: 75%
Magic:  5/5        EV: 12    Int:  7    God:    Trog [**....]
Gold:   120        SH:  0    Dex: 16    Spells: 3/3 levels left

rFire   . . .        a - +0 falchion
rCold   . . .        (no shield)
rNeg    . . .        k - +0 leather armour
rPois   .            (helmet restricted)
rElec   .            (no cloak)
rCorr   .            (no gloves)
SInv    .            (boots unavailable)
Will    ++...        (no amulet)
Stlth   +            j - ring of willpower
HPRegen 0.24/turn    q - ring of willpower
MPRegen 0.09/turn

%: acrobat
@: no status effects
A: beak, talons 3, acrobatic
a: Renounce Religion, Berserk, Trog's Hand


You were on level 3 of the Dungeon.
You worshipped Trog.
Trog was pleased with you.
You visited 1 branch of the dungeon, and saw 3 of its levels.

You collected 120 gold pieces.

Inventory:

Hand Weapons
 a - a +0 falchion (weapon)
Armour
 b - a +0 animal skin
 k - a +0 leather armour (worn)
Jewellery
 c - a ring of ice
 j - a ring of willpower (left hand)
 q - a ring of willpower (right hand)
 r - a ring of see invisible
Scrolls
 d - a scroll of poison {unknown}
 h - a scroll of revelation {unknown}
 m - a scroll of amnesia
 p - a scroll of enchant weapon {unknown}
Potions
 e - a potion of resistance {unknown}
 f - a potion of lignification {unknown}
 g - a potion of curing {unknown}
 l - a potion of enlightenment {unknown}
 n - a potion of heal wounds {unknown}
 o - 2 potions of degeneration {unknown}
 s - a potion of magic {unknown}


   Skills:
 + Level 3.9 Fighting
 * Level 5.1 Long Blades
 - Level 2.1 Armour
 - Level 2.1 Dodging


You had 3 spell levels left.
You didn't know any spells.
Your spell library was empty.

Dungeon Overview and Level Annotations

Branches:
Dungeon (3/15)

Altars:

Annotations:
D:3 Grinder


Innate Abilities, Weirdness & Mutations

You have a beak for a mouth.
You have claws for feet.
You can magically evade attacks while moving or waiting.


Message History

You throw a poisoned dart. The poisoned dart hits Grinder.
Grinder gestures at you. You resist with almost no effort.
You hit Grinder.
Grinder is lightly wounded.
Grinder blinks!
Grinder blinks!
Okay, then.
No target in view!
No target in view!
Grinder gestures at you. You resist with almost no effort.
Grinder completely misses you.
You hit Grinder. You claw Grinder, but do no damage. Your peck misses Grinder.
Grinder is lightly wounded.
Grinder hits you!
You writhe in agony.
You slash Grinder!
Grinder is moderately wounded.
Grinder closely misses you.
You hit Grinder. Your kick misses Grinder. Your peck misses Grinder.
Grinder is heavily wounded.
Grinder gestures at you. You resist with almost no effort.
You hit Grinder. You claw Grinder.
Grinder is severely wounded.
Grinder hits you!
You writhe in agony.
* * * LOW HITPOINT WARNING * * *
You are too injured to fight recklessly!
You are too injured to fight recklessly!
You are too injured to fight recklessly!
You hit Grinder but do no damage.
Grinder is severely wounded.
Grinder misses you.
You closely miss Grinder. You peck Grinder.
Grinder is severely wounded.
Grinder hits you.
* * * LOW HITPOINT WARNING * * *
You writhe in agony.
You die...
Grinder sighs, "Dead already?
I want a refund."

#.........#
#.........# #. ..
#.........# #. .
#.........# #.##.
#####.##.## ...
#.##.# ...
#.##.#####.#######
#........5........
###...####@(#
#.<.......#
#...####.## #####
#.# #.# #.# #.#
#.# #.#


You could see Grinder.

Vanquished Creatures
  4 adders
  2 ribbon worms
  A dart slug (D:2)
  6 bats
  5 endoplasms
  3 giant cockroaches
  6 goblins
  3 hobgoblins
  3 jackals (D:2)
  A quokka (D:1)
  8 ball pythons
  4 frilled lizards
  8 kobolds
  4 rats
58 creatures vanquished.

Notes
Turn   | Place    | Note
-------+----------+-------------------------------------------
     0 | D:1      | Gladio the Tengu Berserker began the quest for the Orb.
     0 | D:1      | Reached XP level 1. HP: 14/14 MP: 2/2
   221 | D:1      | Reached XP level 2. HP: 19/19 MP: 3/3
   258 | D:1      | Found a faded altar of an unknown god.
   370 | D:1      | Reached skill level 4 in Long Blades
   516 | D:1      | Reached ** piety under Trog
   538 | D:1      | Reached XP level 3. HP: 23/23 MP: 4/4
  1278 | D:2      | Reached XP level 4. HP: 18/29 MP: 5/5
  1680 | D:3      | Reached skill level 5 in Long Blades
  1936 | D:3      | Noticed Grinder
  1957 | D:3      | Slain by Grinder

Illustrated notes

Levels and vault maps discovered:
D:1:      heliophobic_arrival_dark_side_of_the_moon, layout_loops_cross,
          basic_ecumenical_altar, serial_bayou_lagoon_b
D:2:      layout_basic
D:3:      layout_loops_ring, kennysheep_generic_room_4, uniq_grinder

Skill      XL: |  1  2  3  4 |
---------------+-------------+-----
Long Blades    | 4 5 |  5.1
Fighting       | |  3.9
Armour         | |  2.1
Dodging        | |  2.1

Action                     |  1- 3 |  4- 6 || total
---------------------------+-------+-------++-------
  Melee: Falchion          |    91 |    36 ||   127
         Kick              |    20 |    10 ||    30
         Peck              |     7 |     4 ||    11
  Throw: Dart              |       |     3 ||     3
    Use: Scroll            |       |     1 ||     1
   Stab: Sleeping          |     1 |       ||     1
 Armour: Animal skin       |    12 |       ||    12
         Leather armour    |    26 |    13 ||    39
  Dodge: Dodged            |    68 |    23 ||    91

Table legend: (Time is in decaauts)
 A = Elapsed time spent in this place.
 B = Non-inter-level travel time spent in this place.
 C = Inter-level travel time spent in this place.
 D = Time resting spent in this place.
 E = Time spent auto-exploring this place.
 F = Levels seen in this place.
 G = Mean time per level.
                   A        B        C        D        E       F      G
               +--------+--------+--------+--------+--------+-----+--------+
         Total |   1987 |   1856 |    131 |      0 |   1482 |   3 |  662.3 |
       Dungeon |   1987 |   1856 |    131 |      0 |   1482 |   3 |  662.3 |
               +--------+--------+--------+--------+--------+-----+--------+

Top non-repeatable levels by time:
     D:2: 871 daAuts
     D:1: 786 daAuts
     D:3: 330 daAuts
